 Dungeon Crawl Stone Soup version 0.21.1-1-g345015fe64 (webtiles) character file.

57 RepoMan the Insei (level 3, -3/29 HPs)
             Began as a Draconian Transmuter on July 7, 2018.
             Slain by a hound (4 damage)
             ... on level 3 of the Dungeon.
             The game lasted 00:08:56 (1665 turns).

RepoMan the Insei (Draconian Transmuter)            Turns: 1665, Time: 00:08:57

Health: -3/29      AC:  5    Str: 12    XL:     3   Next: 73%
Magic:  1/6        EV: 17    Int: 13    God:
Gold:   4          SH:  0    Dex: 17    Spells: 0/6 levels left

rFire    + . .     SeeInvis .     - Unarmed
rCold    + . .     Gourm    .   (no shield)
rNeg     . . .     Faith    .   (armour unavailable)
rPois    +         Spirit   .   (helmet restricted)
rElec    +         Reflect  .   (no cloak)
rCorr    +         Harm     .   (no gloves)
MR       .....                  (no boots)
Stlth    +++.......             (no amulet)
HPRegen  0.09/turn              (no ring)
MPRegen  0.10/turn              (no ring)

@: agile, resistant, very slightly contaminated
A: unfitting armour, cold-blooded, AC +5
a: no special abilities


You were on level 3 of the Dungeon.
You were hungry.

You visited 1 branch of the dungeon, and saw 3 of its levels.

You collected 4 gold pieces.

Inventory:

Missiles
 a - 26 arrows
Armour
 f - a +0 pair of gloves
Books
 b - a book of Changes

   Spells                             Type                      Level
   a - Beastly Appendage              Transmutation                1
   b - Sticks to Snakes               Transmutation                2
   c - Spider Form                    Transmutation/Poison         3
   d - Ice Form                       Ice/Transmutation            4
   e - Blade Hands                    Transmutation                5
Comestibles
 c - 3 rations


   Skills:
 + Level 2.0 Fighting
 - Level 1.7 Dodging
 * Level 3.6 Unarmed Combat
 + Level 2.3 Spellcasting
 * Level 2.8 Transmutations


You couldn't memorise any spells.
You knew the following spells:

 Your Spells              Type           Power        Failure   Level  Hunger
a - Beastly Appendage     Tmut           #.....       8%          1    #......
c - Spider Form           Tmut/Pois      #.........   38%         3    ###....
v - Sticks to Snakes      Tmut           #.......     12%         2    ###....


Dungeon Overview and Level Annotations

Branches:
Dungeon (3/15)

Altars:
Cheibriados
Kikubaaqudgha
Makhleb
Uskayaw


Innate Abilities, Weirdness & Mutations

Your plain brown scales are hard. (AC +5)
You cannot fit into any form of body armour.
You are cold-blooded and may be slowed by cold attacks.


Message History

Confirm with . or Enter, or press ? or * to list all spells.
You miscast Sticks to Snakes.
Your skin tingles.
The hound bites you but does no damage. The hound closely misses you.
Your ball python bites the orc.
Your ball python grabs the orc.
Your ball python constricts the orc.
Unknown command.
The orc struggles to escape constriction.
Your ball python bites the orc.
Your ball python constricts the orc.
Your ball python barely misses the orc.
Your ball python constricts the orc.
The orc struggles to escape constriction.
The hound misses you. The hound closely misses you.
The hound barely misses you. The hound closely misses you. The hound bites you.
* * * LOW HITPOINT WARNING * * *
The hound bites you.
* * * LOW HITPOINT WARNING * * *
The hound bites you.
You die...

.###.........#.#.#.#<#.#
.............#.#.#.#.#.#
_............#.#.#.#.#.#
...........)..#.#.#.#.#
..###.........o......#.#
#...>./....###.###..#.#
#.###.......# #.# #.##.#
###....##.###+###....#
.......o...))'_@h...###
...........#######..#
............# ### #..#
............#######..#
....................##
.......#.........###
.......#.........#
......##........# ..
#........#


You could see a hound.

Vanquished Creatures
  2 adders (D:2)
  A worm (D:2)
  A dart slug (D:2)
  A leopard gecko (D:3)
  An orc (D:3)
  3 goblins (D:2)
  2 hobgoblins
  8 jackals (D:2)
  A bat (D:2)
  A frilled lizard (D:2)
  2 kobolds (D:2)
23 creatures vanquished.

Vanquished Creatures (collateral kills)
  An adder (D:2)
  An orc (D:3)
2 creatures vanquished.

Grand Total: 25 creatures vanquished

Notes
Turn   | Place    | Note
-------+----------+-------------------------------------------
     0 | D:1      | RepoMan the Draconian Transmuter began the quest for the Orb.
     0 | D:1      | Reached XP level 1. HP: 16/16 MP: 3/3
   100 | D:2      | Reached XP level 2. HP: 4/23 MP: 3/5
   371 | D:2      | Learned a level 2 spell: Sticks to Snakes
   676 | D:2      | Found an ancient bone altar of Kikubaaqudgha.
   893 | D:2      | Reached XP level 3. HP: 28/29 MP: 6/6
   980 | D:2      | Learned a level 3 spell: Spider Form
  1046 | D:2      | Found a faded altar of an unknown god.
  1229 | D:2      | Found a snail-covered altar of Cheibriados.
  1557 | D:3      | Found a hide-covered altar of Uskayaw.
  1641 | D:3      | Found a burning altar of Makhleb.
  1663 | D:3      | HP: 1/29 [hound (4)]
  1665 | D:3      | Slain by a hound

Skill      XL: |  1  2  3 |
---------------+----------+-----
Fighting       | 2 |  2.0
Dodging        | |  1.7
Unarmed Combat | |  3.6
Spellcasting   | |  2.3
Transmutations | |  2.8

Action                   || total
-------------------------++-------
Melee: Unarmed           ||   106
       Tailslap          ||    12
       Kick              ||     9
       Headbutt          ||     6
       Punch             ||     2
 Cast: Beastly Appendage ||    13
       Sticks to Snakes  ||     5
       Spider Form       ||     1
  Use: Potion            ||     3
       Scroll            ||     1
  Eat: Chunk             ||     3
Armor: Skin              ||    29
Dodge: Dodged            ||    72
